 Dungeon Sprint DCSS version 0.28-a0-938-gbc3f381ebc (webtiles) character file.

Game seed: 14423947925451775955

3500000 emperorscorpion the Intangible (level 22, -77/252 HPs)
             Began as a Djinni Hedge Wizard on Nov 28, 2021.
             Was the Champion of Makhleb.
             Annihilated by a large bag of meat (103 damage)
             ... in the Dungeon (Sprint VIII: "Arena of Blood").
             The game lasted 00:04:48 (35 turns).

emperorscorpion the Intangible (Djinni Hedge Wizard)  Turns: 35, Time: 00:04:49

Health: -77/252    AC: 28    Str:  9    XL:     22   Next: 88%
Gold:   0          EV: 35    Int: 17    God:    Makhleb [******] SH:  0 Dex: 22

rFire   + + .      SeeInvis .   i - +∞ Axe of Woe
rCold   x . .      Faith    .   (shield currently unavailable)
rNeg    + . .      Spirit   .   (armour currently unavailable)
rPois   ∞          Reflect  .   c - +0 hat
rElec   +          Harm     .   (no cloak)
rCorr   .          Rampage  .   (gloves currently unavailable)
Will    ++...      NoTele   +   (boots unavailable)
Stlth   ++++++++++              (no amulet)
HPRegen 0.52/turn               (no ring)
MPRegen 0.00/turn               (no ring)

@: statue-form, death channelling, flying, very slow
A: slow and powerful, torment resistance 1, flying, boosted hp, sickness
immunity, fire resistance 2, cold vulnerability 1, float, innate caster, hp
casting, extra vitality 1
a: End Transformation, Renounce Religion, Minor Destruction, Lesser Servant of
Makhleb, Major Destruction, Greater Servant of Makhleb


You were in the Dungeon.
You worshipped Makhleb.
Makhleb was exalted by your worship.
You were a living statue of rough stone.
You visited 1 branch

Inventory:

Hand Weapons
 a - a +0 dagger
 i - the +∞ Axe of Woe (weapon)
   (You found it in the Dungeon)
Armour
 b - a +0 robe (melded)
 c - a +0 hat (worn)
Scrolls
 h - a scroll of blinking
Potions
 d - a potion of curing
 e - a potion of heal wounds
 f - a potion of haste
 g - a potion of berserk rage


   Skills:
 O Level 27 Fighting
 + Level 13.3(15.6) Short Blades
 + Level 13.3(15.6) Long Blades
 O Level 27 Axes
 + Level 11.5(21.8) Maces & Flails
 + Level 11.5(21.8) Polearms
 + Level 12.5(16.4) Staves
 + Level 11.5(13.5) Slings
 + Level 11.5 Bows
 + Level 11.5 Crossbows
 + Level 11.5(13.5) Throwing
 + Level 13.5 Armour
 O Level 27 Dodging
 O Level 27 Stealth
 + Level 13.6 Shields
 + Level 13.6 Unarmed Combat
 O Level 27 Spellcasting
 + Level 13.6 Invocations
 + Level 13.6 Evocations


You had 19 spell levels left.
You knew the following spells:

 Your Spells              Type           Power      Damage    Failure   Level
a - Magic Dart            Conj           100%       1d8       0%          1
b - Blink                 Tloc           100%       N/A       0%          2
c - Call Imp              Summ           86%        N/A       0%          2
d - Slow                  Hex            100%       N/A       0%          1
e - Conjure Flame         Conj/Fire      86%        6-21      0%          3
f - Mephitic Cloud        Conj/Pois/Air  86%        N/A       0%          3
g - Beastly Appendage     Tmut           100%       N/A       0%          1
h - Scorch                Fire           100%       2d10      0%          2
i - Dazzling Flash        Conj/Hex       100%       N/A       0%          3
j - Inner Flame           Hex/Fire       86%        N/A       0%          3
k - Lee's Rapid Deconstr  Erth           43%        3d22*     0%          5
l - Summon Mana Viper     Hex/Summ       86%        N/A       0%          5
m - Conjure Ball Lightni  Conj/Air       43%        3x3d15    0%          6
n - Statue Form           Tmut/Erth      57%        N/A       0%          6
o - Death Channel         Necr           43%        N/A       0%          6
p - Spellforged Servitor  Conj/Summ      43%        N/A       1%          7
Your spell library was empty.

Dungeon Overview and Level Annotations

Branches:
Dungeon (1/1)

Altars:
Makhleb


Innate Abilities, Weirdness & Mutations

You are a living statue of rough stone.
Your actions are slow, but your melee attacks are powerful.
You are resistant to unholy torment.
You are flying.
Your maximum health is greatly increased.
Your equipment is partially melded.
You are immune to sickness and miasma.
You are immune to poison.
Your flesh is very heat resistant. (rF++)
You are vulnerable to cold. (rC-)
You float through the air rather than walking.
You learn spells naturally, not from books.
Your magical power is your life essence.
You have superior vitality. (+4 HP)


Message History

You hear a shout!
The bag of meat hits your spectral bag of meat with a +9 war axe!!
Your spectral bag of meat is engulfed in blazing flames.
Your spectral bag of meat hits the meat berserker.
The bag of meat hits your spectral bag of meat with a +9 war axe!!
Your spectral bag of meat is engulfed in blazing flames.
Your spectral bag of meat fades into mist!
You hear a shout!
The meat berserker shouts!
Your base Short Blades skill increases to level 13!
Your base Long Blades skill increases to level 13!
Unknown command.
Unknown command.
Unknown command.
You swap places.
You hear a shout! x3
The meat berserker hits your spectral bag of meat with a +9 battleaxe!!!
Your spectral bag of meat is destroyed!
The meat berserker hits your spectral bag of meat with a +9 battleaxe!!!
You hear a shout!
The large bag of meat hits you with a +9 giant spiked club!!!!
The large bag of meat hits you with a +9 giant spiked club!!!
You hear a shout!
The large bag of meat hits your spectral bag of meat with a +9 giant spiked club!!! x2
Your spectral bag of meat is destroyed!
You hear a shout! x2
The bag of meat completely misses you.
You hear a shout!
The destroyer casts a spell at you.
The destroyer blinks!
You hear a shout! x2
The meat berserker rages.
Your spectral bag of meat hits the meat berserker.
Your spectral bag of meat is engulfed in blazing flames.
Your spectral bag of meat hits the meat berserker but does no damage.
The meat berserker hits your spectral bag of meat with a +9 battleaxe!!! x2
You hear a shout!
The large bag of meat hits you with a +9 giant spiked club!!!
* * * LOW HITPOINT WARNING * * *
The large bag of meat hits you with a +9 giant spiked club!!!!
You die...

.####.....##. ..
............
...#..........#
...#...V.......
##..O#..V.o.........
....oo#.o.o.........
.....ooVOoVo........
#....ooO8§Ooz.......
.#...ooZZ§#o......#
....#oV)O°#.......#
#...ooO###.......###.
......oO.))O.###......
.....#.)))...._.......
...#.......#.....#....
#........O.#_.<._# .
...#.......#.....#


You could see 5 destroyers, a sculptor of flesh, 4 large bags of meat, 3 meat
berserkers, 19 bags of meat and 2 friendly spectral bags of meat.

Vanquished Creatures
  11 ogres (D)
  A two-headed ogre (D)
  36 orcs (D)
48 creatures vanquished.

Notes
Turn   | Place    | Note
-------+----------+-------------------------------------------
     0 | D        | Found the +∞ Axe of Woe
     0 | D        | emperorscorpion the Djinni Hedge Wizard began the quest for
                  | the Orb.
     0 | D        | Reached XP level 1. HP: 15/15 MP: 0/0
     2 | D        | Noticed a bag of meat
     2 | D        | Noticed a bag of meat
     3 | D        | Noticed a meat berserker
     4 | D        | Became a worshipper of Makhleb the Destroyer
     4 | D        | Noticed a bag of meat
     6 | D        | Noticed a bag of meat
     6 | D        | Noticed a bag of meat
     7 | D        | Noticed a bag of meat
     7 | D        | Noticed a bag of meat
     8 | D        | Noticed a bag of meat
    10 | D        | Killed a meat berserker
    10 | D        | Noticed a meat berserker
    10 | D        | Noticed a meat berserker
    11 | D        | Reached XP level 2. HP: 21/21 MP: 0/0
    11 | D        | Reached XP level 3. HP: 25/25 MP: 0/0
    11 | D        | Learned a level 1 spell: Beastly Appendage
    11 | D        | Reached XP level 4. HP: 31/31 MP: 0/0
    11 | D        | Reached XP level 5. HP: 35/35 MP: 0/0
    11 | D        | Learned a level 2 spell: Scorch
    11 | D        | Reached XP level 6. HP: 40/40 MP: 0/0
    11 | D        | Reached XP level 7. HP: 45/45 MP: 0/0
    11 | D        | Learned a level 3 spell: Dazzling Flash
    11 | D        | Reached XP level 8. HP: 50/50 MP: 0/0
    11 | D        | Reached XP level 9. HP: 55/55 MP: 0/0
    11 | D        | Learned a level 3 spell: Inner Flame
    11 | D        | Reached XP level 10. HP: 60/60 MP: 0/0
    11 | D        | Reached XP level 11. HP: 65/65 MP: 0/0
    11 | D        | Learned a level 5 spell: Lee's Rapid Deconstruction
    11 | D        | Reached XP level 12. HP: 70/70 MP: 0/0
    11 | D        | Killed a bag of meat
    11 | D        | Reached * piety under Makhleb
    11 | D        | Killed a bag of meat
    12 | D        | Reached XP level 13. HP: 82/82 MP: 0/0
    12 | D        | Learned a level 5 spell: Summon Mana Viper
    12 | D        | Killed a bag of meat
    12 | D        | Killed a bag of meat
    12 | D        | Reached ** piety under Makhleb
    12 | D        | Noticed a bag of meat
    12 | D        | Noticed a meat berserker
    13 | D        | Reached skill level 15 in Stealth
    13 | D        | Reached XP level 14. HP: 80/94 MP: 0/0
    13 | D        | Noticed a bag of meat
    13 | D        | Noticed a bag of meat
    13 | D        | Noticed a meat berserker
    13 | D        | Noticed a meat berserker
    13 | D        | Noticed a bag of meat
    14 | D        | Killed a meat berserker
    14 | D        | Killed a meat berserker
    14 | D        | Killed a bag of meat
    14 | D        | Reached *** piety under Makhleb
    14 | D        | Killed a bag of meat
    15 | D        | Reached XP level 15. HP: 111/111 MP: 0/0
    15 | D        | Learned a level 6 spell: Conjure Ball Lightning
    15 | D        | Reached XP level 16. HP: 116/116 MP: 0/0
    15 | D        | Noticed a meat berserker
    17 | D        | Noticed a meat berserker
    17 | D        | Killed a meat berserker
    17 | D        | Reached **** piety under Makhleb
    17 | D        | Noticed a destroyer
    18 | D        | Reached skill level 27 in Dodging
    18 | D        | Reached XP level 17. HP: 64/129 MP: 0/0
    18 | D        | Learned a level 6 spell: Statue Form
    18 | D        | Killed a meat berserker
    19 | D        | Noticed a large bag of meat
    19 | D        | Noticed a large bag of meat
    20 | D        | Reached ***** piety under Makhleb
    20 | D        | Killed a meat berserker
    20 | D        | Noticed a meat berserker
    20 | D        | Noticed a meat berserker
    21 | D        | Reached skill level 27 in Axes
    21 | D        | Reached XP level 18. HP: 149/149 MP: 0/0
    21 | D        | Killed a meat berserker
    22 | D        | Reached XP level 19. HP: 170/170 MP: 0/0
    22 | D        | Learned a level 6 spell: Death Channel
    23 | D        | Killed a meat berserker
    23 | D        | Reached ****** piety under Makhleb
    23 | D        | Noticed a meat berserker
    24 | D        | Reached skill level 27 in Fighting
    24 | D        | Reached skill level 27 in Stealth
    25 | D        | Reached XP level 20. HP: 181/181 MP: 0/0
    25 | D        | Noticed a meat berserker
    26 | D        | Reached skill level 27 in Spellcasting
    26 | D        | Noticed a meat berserker
    27 | D        | Killed a large bag of meat
    28 | D        | Reached XP level 21. HP: 187/187 MP: 0/0
    28 | D        | Learned a level 7 spell: Spellforged Servitor
    28 | D        | Noticed a large bag of meat
    29 | D        | Killed a meat berserker
    29 | D        | Killed a meat berserker
    29 | D        | Noticed a large bag of meat
    29 | D        | Noticed a destroyer
    30 | D        | Reached skill level 10 in Short Blades
    30 | D        | Reached skill level 10 in Long Blades
    30 | D        | Reached skill level 10 in Armour
    30 | D        | Reached skill level 10 in Shields
    30 | D        | Reached skill level 10 in Unarmed Combat
    30 | D        | Reached skill level 10 in Invocations
    30 | D        | Reached skill level 10 in Evocations
    31 | D        | Killed a meat berserker
    31 | D        | Noticed a large bag of meat
    32 | D        | Reached skill level 10 in Staves
    32 | D        | Reached XP level 22. HP: 194/194 MP: 0/0
    32 | D        | Noticed a destroyer
    33 | D        | Reached skill level 10 in Maces & Flails
    33 | D        | Reached skill level 10 in Polearms
    33 | D        | Reached skill level 10 in Slings
    33 | D        | Reached skill level 10 in Bows
    33 | D        | Reached skill level 10 in Crossbows
    33 | D        | Reached skill level 10 in Throwing
    34 | D        | Noticed a destroyer
    34 | D        | Noticed a destroyer
    34 | D        | Noticed a meat berserker
    35 | D        | Annihilated by a large bag of meat

Illustrated notes

Levels and vault maps discovered:
D:        meatsprint

Skill      XL: |  1  2  3  4  5  6  7  8  9 10 11 12 13 14 15 16 17 18 19 20 21 22 |
---------------+-------------------------------------------------------------------+-----
Axes           | 4 8 11 17 20 27 | 27.0
Dodging        | 12 17 20 25 27 | 27.0
Stealth        | 9 13 15 18 19 22 24 27 | 27.0
Spellcasting   | 19 25 27 | 27.0
Fighting       | 3 6 11 14 20 25 27 | 27.0
Short Blades   | 7 11 13 | 13.3
Long Blades    | 7 11 13 | 13.3
Maces & Flails | 6 9 11 | 11.5
Polearms       | 6 9 11 | 11.5
Staves         | 6 10 12 | 12.5
Slings         | 6 9 11 | 11.5
Bows           | 6 9 11 | 11.5
Crossbows      | 6 9 11 | 11.5
Throwing       | 6 9 11 | 11.5
Armour         | 7 11 13 | 13.5
Shields        | 7 11 13 | 13.6
Unarmed Combat | 7 11 13 | 13.6
Invocations    | 7 11 13 | 13.6
Evocations     | 7 11 13 | 13.6

Action                   |  1- 3 |  4- 6 |  7- 9 | 10-12 | 13-15 | 16-18 | 19-21 | 22-24 || total
-------------------------+-------+-------+-------+-------+-------+-------+-------+-------++-------
Melee: Executioner's axe |     1 |       |       |     1 |     2 |     4 |     7 |     3 ||    18
 Cast: Statue Form       |       |       |       |       |       |     1 |       |       ||     1
       Death Channel     |       |       |       |       |       |       |     1 |       ||     1
       Spellforged Servi |       |       |       |       |       |       |     1 |       ||     1
 Stab: Distracted        |       |       |       |       |       |       |     1 |       ||     1
Armor: Skin              |       |       |       |       |       |       |     1 |       ||     1
Dodge: Dodged            |       |       |       |       |     1 |     2 |     4 |     1 ||     8

Table legend: (Time is in decaauts)
 A = Elapsed time spent in this place.
 B = Non-inter-level travel time spent in this place.
 C = Inter-level travel time spent in this place.
 D = Time resting spent in this place.
 E = Time spent auto-exploring this place.
 F = Levels seen in this place.
 G = Mean time per level.
                   A        B        C        D        E       F      G
               +--------+--------+--------+--------+--------+-----+--------+
         Total |     38 |     38 |      0 |      0 |      0 |   1 |   38.0 |
       Dungeon |     38 |     38 |      0 |      0 |      0 |   1 |   38.0 |
               +--------+--------+--------+--------+--------+-----+--------+

Top non-repeatable levels by time:
       D: 38 daAuts
